 Dungeon Crawl Stone Soup version 0.20-a0-689-g860b9ab (console) character file.

361337 nht the Executioner (level 22, -2/182 HPs)
             Began as a Barachian Berserker on Feb 19, 2017.
             Was the Champion of Trog.
             Slain by a deep troll earth mage (10 damage)
             ... on level 2 of the Depths.
             The game lasted 02:13:30 (39460 turns).

nht the Executioner (Barachian Berserker)          Turns: 39460, Time: 02:13:31

Health: -2/182     AC: 29    Str: 29    XL:     22   Next: 45%
Magic:  22/22      EV: 17    Int:  8    God:    Trog [******]
Gold:   531        SH:  0    Dex: 13    Spells: 21/21 levels left

rFire    + + .     SeeInvis .   a - +8 battleaxe (vamp)
rCold    + . .     Gourm    .   l - +0 plate armour {rF+}
rNeg     . . .     Faith    .   (shield currently unavailable)
rPois    .         Spirit   .   F - +0 helmet
rElec    .         Reflect  .   s - scarf {rC+ rF+}
rCorr    .         Harm     .   n - +1 pair of gloves {Str+3}
MR       +....                  S - +1 pair of boots
Stlth    ..........             T - amulet of regeneration
Regen    1.2/turn               z - ring of Shaolin {EV+8}
MPRegen  0.2/turn               M - +5 ring of protection

@: slow
A: swims, sense surroundings 2, regeneration 1, slowness 1, strong legs 2
}: 2/15 runes: serpentine, barnacled
a: Hop, Berserk, Trog's Hand, Brothers in Arms, Burn Spellbooks, Renounce
Religion


You were on level 2 of the Depths.
You worshipped Trog.
Trog was exalted by your worship.
You were not hungry.

You visited 8 branches of the dungeon, and saw 38 of its levels.
You also visited: Bailey and Ice Cave.

You collected 4447 gold pieces.
You spent 3916 gold pieces at shops.

Inventory:

Hand Weapons
 a - a +8 vampiric battleaxe (weapon)
 t - a +9 antimagic executioner's axe
Missiles
 b - 11 steel javelins
 f - 5 needles of paralysis
 i - 62 poisoned javelins
 k - 6 tomahawks of dispersal
 u - 19 javelins of returning
 y - 6 needles of frenzy
 A - 20 needles of sleeping
 B - 4 silver tomahawks
 C - 19 curare-tipped needles
 E - 33 tomahawks (quivered)
 G - 41 tomahawks of returning
 P - 9 javelins
 Q - 22 silver javelins
 R - 7 javelins of penetration
 Z - 3 poisoned tomahawks
Armour
 l - a +0 plate armour of fire resistance (worn)
 n - a +1 pair of gloves of strength (worn)
 s - a scarf of resistance (worn)
 F - a +0 helmet (worn)
 S - a +1 pair of boots (worn)
Jewellery
 h - an uncursed ring of resist corrosion
 z - the ring of Shaolin (right hand) {EV+8}
   (You bought it in a shop on level 2 of the Orcish Mines)

   [ring of evasion]

   It affects your evasion (+8).
 M - a +5 ring of protection (left hand)
 N - the ring "Jugaqyoc" {-Tele Int+7 SInv}
   (You took it off a kobold in a bailey)

   [ring of see invisible]

   It affects your intelligence (+7).
   It lets you see invisible.
   It prevents most forms of teleportation.
 T - an amulet of regeneration (around neck)
 V - the ring of Wiffus {rElec rF- rC+ Str+5 Int+5}
   (You found it on level 11 of the Dungeon)

   [ring of protection from cold]

   It affects your strength (+5).
   It affects your intelligence (+5).
   It makes you vulnerable to fire.
   It protects you from cold.
   It insulates you from electricity.
Wands
 X - a wand of digging (16/24)
Scrolls
 d - 11 scrolls of teleportation
 p - 6 scrolls of magic mapping
 w - 4 scrolls of identify
 x - 20 scrolls of remove curse
 I - 5 scrolls of blinking
 L - 8 scrolls of enchant armour
 O - 7 scrolls of fog
 U - 6 scrolls of recharging
Potions
 e - 4 potions of might
 m - 6 potions of haste
 q - 6 potions of flight
 r - a potion of cancellation
 v - 7 potions of curing
 H - 5 potions of lignification
 J - 3 potions of ambrosia
 K - 2 potions of invisibility
 W - 7 potions of agility
 Y - 5 potions of heal wounds
Comestibles
 c - 17 bread rations
 j - 12 meat rations
 o - 16 royal jellies


   Skills:
 - Level 17.5 Fighting
 * Level 23.0 Axes
 + Level 19.2 Throwing
 - Level 16.0 Armour
 - Level 2.0 Dodging


You had 21 spell levels left.
You didn't know any spells.

Dungeon Overview and Level Annotations

Branches:
Dungeon (15/15)            Temple (1/1) D:7            Lair (6/6) D:11
 Shoals (4/4) Lair:2        Snake (4/4) Lair:2        Slime (0/5) Lair:5
    Orc (2/2) D:12            Elf (0/3) Orc:2        Vaults (4/5) D:13
  Crypt (0/3) Vaults:2     Depths (2/5) D:15

Altars:
Ashenzari
Cheibriados
Dithmenos
Elyvilon
Gozag
Kikubaaqudgha
Makhleb
Okawaru
Qazlal
Ru
Sif Muna
Trog
Xom
Yredelemnul
Beogh

Shops:
D:6 (   D:15 !   Orc:1 [:*[}   Orc:2 *([=   Snake:2 ?   Vaults:3 }

Portals:
Hell: Lair:6 Depths:1 Depths:2

Annotations:
D:14 dig
Lair:3 exclusion: oklob plant


Innate Abilities, Weirdness & Mutations

You can swim through water.
You cover ground slowly.
You can hop longer distances.
You passively map the area around you.
Your natural rate of healing is unusually fast.


Message History

You slash the deep troll earth mage!
You feel better. The deep troll earth mage bites you!!
The deep troll earth mage claws you! The deep troll earth mage claws you.
You slash the deep elf annihilator skeleton!
You destroy the deep elf annihilator skeleton!
Trog accepts your kill.
You slash the juggernaut simulacrum! You hit the deep troll earth mage.
The deep troll earth mage completely misses you.
The deep troll earth mage closely misses you.
The deep troll earth mage barely misses you.
The juggernaut simulacrum hits you!!
* * * LOW HITPOINT WARNING * * *
The juggernaut simulacrum freezes you!! You resist.
* * * LOW HITPOINT WARNING * * *
The juggernaut simulacrum hits you.
* * * LOW HITPOINT WARNING * * *
The juggernaut simulacrum freezes you! You resist.
* * * LOW HITPOINT WARNING * * *
The deep troll earth mage bites you!
You die... , , , █...... ,.<......█ █...... ,........█ █...... *,........█ █...... * ........█ █...... .....T..█ █...... ,.....ZTZ██ █...... .....TZpT█ █...... ███████@█

* █...... ███████.█ *
█...... ,█≈§≈≈██.█ * *
█...... * █§§§§██.█ *
█...... █≈≈≈§██.█
.████...... █≈≈≈≈██.█
*█...'......
█≈≈≈≈██.██████.███......
*,███████.'......█
█...... ..∩.....████████
█......


You could see 2 deep trolls, a deep troll earth mage, a deep troll shaman, a
necromancer, a juggernaut simulacrum, a frost giant zombie and a spriggan
berserker skeleton.

Vanquished Creatures
  Saint Roka (Orc:2)
  Nikola (Shoals:3)
  Jorgrun (Shoals:3)
  2 sphinxes
  Gastronok (Lair:3)
  A storm dragon (D:14)
  4 tengu reavers
  Ilsuiw (Shoals:4)
  11 nagarajas
  2 fire giants
  3 frost giants
  Aizul (Vaults:3)
  6 vault wardens
  A ghoul (Vaults:1)
  11 ironheart preservers
  8 stone giants
  7 very ugly things
  A vampire knight (Vaults:2)
  2 ettins
  Snorg (Lair:4)
  A blizzard demon (IceCv)
  12 merfolk impalers
  A fire dragon (Depths:1)
  4 great orbs of eyes
  5 merfolk javelineers
  A great orb of eyes (shapeshifter) (D:14)
  3 yaktaur captains
  Harold (D:12)
  Fannar (Lair:2)
  A rakshasa (Vaults:1)
  14 naga warriors
  5 hydras
  4 vault guards
  4 death knights
  7 ice dragons
  2 merfolk avatars (Shoals:4)
  19 anacondas
  6 centaur warriors
  13 merfolk aquamancers
  10 ogre magi
  2 catoblepae
  33 two-headed ogres
  A deep troll shaman (Vaults:4)
  2 satyrs (Shoals:2)
  6 death yaks (Lair:4)
  2 deep troll earth magi
  6 tengu warriors
  13 naga sharpshooters
  6 shock serpents
  A spriggan (Lair:5)
  A sun demon (Lair:6)
  4 deep elf knights
  Nergalle (Orc:2)
  2 shadow wraiths
  A death drake (shapeshifter) (Vaults:4)
  A salamander mystic (Snake:4)
  2 glowing orange brains
  7 naga ritualists
  11 deep trolls
  17 sea snakes
  2 unseen horrors
  A flayed ghost (Vaults:2)
  12 orc knights
  5 deep elf archers
  An obsidian statue (Vaults:1)
  A necromancer (Vaults:4)
  A phantasmal warrior (Vaults:1)
  12 ironbrand convokers
  12 wizards
  A lindwurm (Lair:6)
  4 mana vipers
  6 wolf spiders
  3 shining eyes (Depths:1)
  An orb spider (shapeshifter) (Vaults:3)
  A wolf spider (shapeshifter) (D:14)
  12 harpies
  A shadow dragon skeleton (Depths:2)
  A cyclops (shapeshifter) (D:14)
  15 manticores
  14 deep elf magi
  5 orc sorcerers
  13 fauns
  5 oklob plants
  10 cyclopes
  41 ugly things
  6 elephants (Lair:6)
  10 salamanders
  Maurice (D:9)
  8 water nymphs
  9 vault sentinels
  4 merfolk sirens
  An eye of devastation (Depths:1)
  53 black mambas
  18 guardian serpents
  A smoke demon (Lair:6)
  2 ice statues (IceCv)
  8 spiny frogs
  A spiny frog (shapeshifter) (Depths:1)
  22 naga magi
  An elf skeleton (Depths:2)
  27 yaktaurs
  8 centaur skeletons
  A demonic crawler (Depths:1)
  4 kobold demonologists
  2 rime drakes (Lair:6)
  5 freezing wraiths
  A rime drake (shapeshifter) (Vaults:1)
  11 komodo dragons
  An efreet (D:15)
  16 ice devils
  3 tengu conjurers (Depths:1)
  12 trolls
  A red devil (Lair:6)
  A meliai (shapeshifter) (D:15)
  2 polar bears
  38 merfolk
  A wind drake (shapeshifter) (Vaults:1)
  12 blink frogs
  A blink frog (shapeshifter) (Vaults:2)
  A frost giant simulacrum (Vaults:2)
  18 dream sheep
  18 hippogriffs
  3 hornets
  25 slime creatures
  4 wind drakes
  8 snapping turtles
  An air elemental (Orc:2)
  4 vampires
  2 wraiths
  4 wyverns
  3 hogs (D:7)
  31 water elementals
  41 yaks
  A human (shapeshifter) (Vaults:4)
  A basilisk (shapeshifter) (Depths:1)
  4 hungry ghosts
  3 golden eyes (Depths:1)
  20 humans
  7 basilisks
  A steam dragon (D:9)
  5 wargs
  Menkaure (D:7)
  60 nagas
  A soldier ant (shapeshifter) (Depths:2)
  7 acid dragons
  6 swamp worms (Lair:1)
  2 soldier ants
  A hell hound (Lair:6)
  9 porcupines
  29 water moccasins
  Duvessa (D:7)
  A floating eye (Depths:1)
  2 floating eyes (shapeshifter)
  39 orc warriors
  12 sky beasts
  7 ice beasts
  A necrophage (D:12)
  2 eyes of draining
  36 wolves
  12 boggarts
  3 black bears
  25 ogres
  25 centaurs
  15 crocodiles
  7 big kobolds
  A gnoll sergeant (D:9)
  15 bullfrogs
  Dowan (D:7)
  A wyvern zombie (D:13)
  2 wyvern skeletons
  10 scorpions
  6 killer bees (D:13)
  3 wights (D:13)
  3 electric eels
  7 howler monkeys
  2 bullfrog zombies
  4 centaur zombies
  5 crimson imps
  2 jellies
  10 orc priests
  Crazy Yiuf (D:2)
  2 bullfrog skeletons
  4 hounds
  23 orc wizards
  Ijyb (D:3)
  4 iguanas
  Terence (D:2)
  Natasha (thrice) (D:2)
  3 hell rats (Lair:3)
  9 worker ants
  A hound zombie (D:10)
  14 gnolls
  16 adders
  4 river rats (Lair:3)
  2 shadow imps (D:14)
  8 white imps (IceCv)
  5 ufetubi (IceCv)
  4 oozes (D:1)
  3 adder skeletons
  2 adder zombies
  13 worms
  5 dart slugs
  4 leopard geckos
  98 orcs
  5 ball pythons
  5 giant cockroaches (D:1)
  8 goblins
  6 hobgoblins
  8 jackals
  37 kobolds
  5 quokkas
  A ball python skeleton (D:4)
  10 bats
  5 frilled lizards
  A leopard gecko zombie (D:7)
  2 quokka zombies
  13 rats
  A fungus (Lair:3)
  8 plants
1697 creatures vanquished.

Vanquished Creatures (collateral kills)
  3 hydras
  A two-headed ogre (D:9)
  An orc high priest (Orc:2)
  Urug (Lair:4)
  A naga ritualist (Snake:2)
  An orc knight (Orc:2)
  A salamander (Snake:2)
  3 black mambas
  A rime drake (Lair:6)
  A kobold demonologist (D:12)
  2 ice devils (Lair:6)
  5 dream sheep (Lair:6)
  A hippogriff (Lair:6)
  10 yaks
  A warg (Orc:2)
  A naga (Lair:2)
  A water moccasin (Lair:6)
  3 hell hounds (Lair:6)
  7 orc warriors
  An ogre (Orc:2)
  3 crocodiles (Lair:6)
  A bullfrog (Lair:4)
  A jelly (D:11)
  5 orc priests
  5 orc wizards
  2 gnolls (D:9)
  11 orcs
  A kobold (D:12)
75 creatures vanquished.

Vanquished Creatures (others)
  A merfolk siren (Shoals:2)
  A water nymph (Shoals:4)
  A water elemental (Shoals:4)
  A warg (shapeshifter) (Vaults:4)
  A boggart (Vaults:3)
  A big kobold (D:9)
  3 white imps (IceCv)
  2 ufetubi (IceCv)
  5 kobolds (D:9)
  14 fungi
  14 plants
  A withered plant (Shoals:2)
45 creatures vanquished.

Grand Total: 1817 creatures vanquished

Notes
Turn   | Place    | Note
-------+----------+-------------------------------------------
     0 | D:1      | nht the Barachian Berserker began the quest for the Orb.
     0 | D:1      | Reached XP level 1. HP: 18/18 MP: 1/1
     1 | D:1      | Found a runed door.
    13 | D:1      | Reached XP level 2. HP: 11/24 MP: 2/2
    24 | D:1      | Reached skill level 4 in Axes
    25 | D:1      | Reached XP level 3. HP: 14/29 MP: 3/3
   176 | D:1      | Reached ** piety under Trog
   452 | D:1      | Reached XP level 4. HP: 35/35 MP: 4/4
  1017 | D:2      | Noticed Natasha
  1021 | D:2      | Killed Natasha
  1021 | D:2      | Reached skill level 5 in Axes
  1049 | D:2      | Found a runed door.
  1169 | D:2      | Noticed Natasha
  1175 | D:2      | Killed Natasha
  1175 | D:2      | Reached XP level 5. HP: 27/41 MP: 5/5
  1251 | D:2      | Noticed Natasha
  1253 | D:2      | Killed Natasha
  1334 | D:2      | Reached skill level 6 in Axes
  1884 | D:2      | Noticed Terence
  1889 | D:2      | Killed Terence
  1889 | D:2      | Reached XP level 6. HP: 24/47 MP: 6/6
  2067 | D:2      | Noticed Crazy Yiuf
  2071 | D:2      | Killed Crazy Yiuf
  2247 | D:3      | Reached skill level 7 in Axes
  2566 | D:3      | Found a white marble altar of Elyvilon.
  2925 | D:3      | Found a deep blue altar of Sif Muna.
  3072 | D:3      | Noticed Ijyb
  3079 | D:3      | Killed Ijyb
  3079 | D:3      | Reached *** piety under Trog
  3384 | D:4      | Reached XP level 7. HP: 38/52 MP: 7/7
  3575 | D:4      | Reached skill level 8 in Axes
  3672 | D:4      | Found a sacrificial altar of Ru.
  3675 | D:4      | Found a shattered altar of Ashenzari.
  3677 | D:4      | Found an opulent altar of Gozag.
  4017 | D:5      | Entered Level 5 of the Dungeon
  4383 | D:5      | Reached skill level 9 in Axes
  4519 | D:5      | Reached XP level 8. HP: 46/58 MP: 8/8
  4702 | D:6      | Found Ygiwkil's Weapon Boutique.
  4726 | D:6      | Reached skill level 10 in Axes
  4795 | D:6      | Reached skill level 11 in Axes
  4862 | D:6      | Reached XP level 9. HP: 30/64 MP: 9/9
  4871 | D:6      | Reached **** piety under Trog
  6120 | D:7      | Found a shimmering altar of Xom.
  6122 | D:7      | Noticed Duvessa
  6124 | D:7      | Noticed Dowan
  6126 | D:7      | Killed Duvessa
  6126 | D:7      | Reached skill level 12 in Axes
  6131 | D:7      | Killed Dowan
  6378 | D:7      | Found a staircase to the Ecumenical Temple.
  6404 | Temple   | Entered the Ecumenical Temple
  6985 | D:7      | Noticed a troll
  6993 | D:7      | Reached skill level 13 in Axes
  6998 | D:7      | Killed a troll
  7073 | D:7      | Reached XP level 10. HP: 60/70 MP: 10/10
  7094 | D:7      | Noticed Menkaure
  7099 | D:7      | Killed Menkaure
  7214 | D:7      | Reached ***** piety under Trog
  7382 | D:7      | Reached skill level 14 in Axes
  7588 | D:8      | Found an iron altar of Okawaru.
  8339 | D:8      | Received a gift from Trog
  8366 | D:9      | Noticed a spiny frog
  8366 | D:9      | a hornet changed into a spiny frog
  8372 | D:9      | Killed a spiny frog
  8388 | D:9      | Reached skill level 15 in Axes
  8428 | D:8      | Gained mutation: You passively map a small area around you. [potion of mutation]
  8428 | D:8      | Gained mutation: You passively map the area around you. [potion of mutation]
  8428 | D:8      | Gained mutation: Your natural rate of healing is unusually fast. [potion of mutation]
  8489 | D:9      | Noticed a two-headed ogre
  8498 | D:9      | Killed a two-headed ogre
  8504 | D:9      | Reached XP level 11. HP: 73/75 MP: 11/11
  8550 | D:9      | Found a flagged portal.
  8568 | D:9      | Noticed Maurice
  8582 | D:9      | Killed Maurice
  8582 | D:9      | Received a gift from Trog
  8611 | Bailey   | Entered a bailey
  8709 | Bailey   | Got a serpentine glass ring
  8709 | Bailey   | Reached skill level 16 in Axes
  8792 | Bailey   | Found a burning altar of Makhleb.
  8849 | Bailey   | Got a vibrating ivory ring
  9099 | D:9      | Found a stormy altar of Qazlal.
  9407 | D:10     | Entered Level 10 of the Dungeon
  9413 | D:10     | Reached skill level 1 in Throwing
 10352 | D:11     | Found a staircase to the Lair.
 10435 | D:11     | Got an ancient golden ring
 10462 | D:11     | Killed an unseen horror
 10503 | D:11     | Noticed a cyclops
 10515 | D:11     | Killed a cyclops
 10651 | D:11     | Received a gift from Trog
 10668 | D:11     | Reached skill level 5 in Throwing
 10797 | Lair:1   | Entered Level 1 of the Lair of Beasts
 11179 | Lair:1   | Reached XP level 12. HP: 71/81 MP: 12/12
 11241 | Lair:1   | Reached skill level 17 in Axes
 11656 | Lair:1   | Got a smoking lead ring
 11818 | Lair:2   | Found a staircase to the Shoals.
 11819 | Lair:2   | Noticed a seven-headed hydra
 11832 | Lair:2   | Killed a seven-headed hydra
 11832 | Lair:2   | Reached skill level 5 in Fighting
 11837 | Lair:2   | Noticed a seven-headed hydra
 11889 | Lair:2   | Identified the ring "Jugaqyoc" {-Tele Int+7 SInv} (You took it off a kobold in a bailey)
 11926 | Lair:2   | Noticed Sonja
 11940 | Lair:2   | Noticed Sonja
 11940 | Lair:2   | Sonja changed into Sonja the basilisk
 11957 | Lair:2   | Killed Sonja the basilisk
 12238 | Lair:2   | HP: 2/130 [eight-headed hydra (7)]
 12239 | Lair:2   | Killed a nine-headed hydra
 12254 | Lair:2   | Noticed Fannar
 12292 | Lair:2   | Killed Fannar
 12560 | Lair:2   | Received a gift from Trog
 12622 | Lair:2   | Found a staircase to the Snake Pit.
 12850 | Lair:3   | Noticed Gastronok
 12865 | Lair:3   | Killed Gastronok
 12998 | Lair:3   | Gained mutation: You can hop longer distances. [Barachian growth]
 12998 | Lair:3   | Reached XP level 13. HP: 76/96 MP: 13/13
 13517 | Lair:4   | Noticed Urug
 13530 | Lair:4   | Killed Urug
 13733 | Lair:4   | Received a gift from Trog
 14053 | Lair:4   | Reached skill level 18 in Axes
 14191 | Lair:4   | Received a gift from Trog
 14249 | Lair:4   | Noticed Snorg
 14256 | Lair:4   | Killed Snorg
 14981 | Lair:5   | Reached skill level 5 in Armour
 15089 | Lair:5   | Reached XP level 14. HP: 102/109 MP: 14/14
 15355 | Lair:5   | Identified the ring of Lafi {+Fly Slay+2} (You found it in a bailey)
 15864 | Lair:5   | Reached skill level 10 in Fighting
 16319 | Lair:5   | Found a staircase to the Slime Pits.
 16448 | Lair:6   | Entered Level 6 of the Lair of Beasts
 16459 | Lair:6   | Received a gift from Trog
 16641 | Lair:6   | Received a gift from Trog
 16769 | Lair:6   | Received a gift from Trog
 16841 | Lair:6   | Reached skill level 10 in Throwing
 17118 | Lair:6   | Identified the ring of Wiffus {rElec rF- rC+ Str+5 Int+5} (You found it on level 11 of the Dungeon)
 17413 | Lair:6   | Found a burning altar of Makhleb.
 17426 | Lair:6   | Received a gift from Trog
 17455 | Lair:6   | Found a gateway to Hell.
 17697 | D:12     | Noticed Harold
 17716 | D:12     | Killed Harold
 17829 | D:12     | Found a staircase to the Orcish Mines.
 17863 | D:12     | Received a gift from Trog
 17873 | D:12     | Got an ancient battleaxe {god gift}
 17895 | D:12     | Found an ancient bone altar of Kikubaaqudgha.
 17899 | D:12     | Reached XP level 15. HP: 119/119 MP: 15/15
 17984 | D:12     | Reached skill level 19 in Axes
 18406 | Orc:1    | Entered Level 1 of the Orcish Mines
 18407 | Orc:1    | Found Cirreaza's Antique Armour Shoppe.
 18440 | Orc:1    | Found Foulank's Assorted Antiques.
 18497 | Orc:1    | Found Eprej's Antique Armour Shop.
 18564 | Orc:1    | Bought a scroll labeled GESHITH RYZIWN for 29 gold pieces
 18621 | Orc:1    | Bought a pair of encrusted gloves for 275 gold pieces
 18634 | Orc:1    | Identified the +2 pair of gloves of the Endless Blessings {rC- Int+4} (You bought it in a shop on level 1 of the Orcish Mines)
 18725 | Orc:1    | Found Xotsecva's Book Boutique.
 18784 | Orc:1    | Found Dex Eschy's Gadget Boutique.
 18819 | Orc:2    | Entered Level 2 of the Orcish Mines
 18878 | Orc:2    | Noticed Nergalle
 18890 | Orc:2    | Killed Nergalle
 18915 | Orc:2    | Found a roughly hewn altar of Beogh.
 18916 | Orc:2    | Noticed Saint Roka
 18934 | Orc:2    | Received a gift from Trog
 18952 | Orc:2    | Killed Saint Roka
 19288 | Orc:2    | Found Ytuhoe's Antique Armour Shop.
 19302 | Orc:2    | Found Azub's Jewellery Shop.
 19319 | Orc:2    | Bought the ring of Shaolin {EV+8} for 1536 gold pieces
 19337 | Orc:2    | Bought a pair of glowing boots for 255 gold pieces
 19459 | Orc:2    | Found a staircase to the Elven Halls.
 19555 | Orc:2    | Found Imuycoid's Antique Weapon Shop.
 19570 | Orc:2    | Found Quol's General Store.
 19623 | Orc:2    | Bought a potion of agility for 44 gold pieces
 19623 | Orc:2    | Bought a scroll of fear for 38 gold pieces
 19623 | Orc:2    | Bought 2 potions of haste for 220 gold pieces
 19666 | Orc:1    | Bought 2 potions of lignification for 174 gold pieces
 19666 | Orc:1    | Bought a scroll of fog for 58 gold pieces
 19837 | D:13     | Found a shadowy altar of Dithmenos.
 19862 | D:13     | Found a bloodstained altar of Trog.
 20064 | D:13     | Identified the ring of Henotheism {rN+ Int+4} (You found it on level 1 of the Lair of Beasts)
 20250 | D:13     | Received a gift from Trog
 20305 | D:13     | Reached ****** piety under Trog
 20323 | D:13     | Found a gate to the Vaults.
 20695 | D:14     | Reached skill level 10 in Armour
 20894 | D:14     | Received a gift from Trog
 21030 | D:14     | Reached XP level 16. HP: 129/129 MP: 16/16
 21249 | D:14     | Noticed a storm dragon
 21249 | D:14     | Noticed a tengu reaver
 21250 | D:14     | Noticed a tengu reaver
 21274 | D:14     | Identified the +3 battleaxe of Relativism {flame, +Blink rC++ Dex-4} (Trog gifted it to you on level 12 of the Dungeon)
 21645 | D:15     | Entered Level 15 of the Dungeon
 21745 | D:15     | Found a staircase to the Depths.
 21804 | D:15     | Received a gift from Trog
 21805 | D:15     | Got a translucent battleaxe {god gift}
 21952 | D:15     | Found Fuysodau's Distillery.
 21960 | D:15     | Bought a potion of heal wounds for 65 gold pieces
 21960 | D:15     | Bought a potion of haste for 130 gold pieces
 21960 | D:15     | Bought a potion of heal wounds for 65 gold pieces
 21960 | D:15     | Bought a potion of heal wounds for 65 gold pieces
 21960 | D:15     | Bought a potion of agility for 52 gold pieces
 21960 | D:15     | Bought a potion of agility for 52 gold pieces
 22169 | D:15     | Found a shimmering altar of Xom.
 22605 | D:14     | Killed a tengu reaver
 22623 | D:14     | Killed a storm dragon
 22648 | D:14     | Killed a tengu reaver
 22740 | D:14     | Received a gift from Trog
 22849 | D:14     | Got a brightly glowing troll leather armour
 22860 | D:14     | Identified the +1 troll leather armour of Gozag's Esteem {MR++ Regen+ Int+4 Stlth+} (You took it off a tengu reaver on level 14 of the Dungeon)
 22861 | D:14     | Identified the +10 battleaxe "Kietiu" {drain, rPois rN+ Dex-2} (Trog gifted it to you on level 15 of the Dungeon)
 22919 | D:15     | Bought a potion of might for 52 gold pieces
 22919 | D:15     | Bought 2 potions of flight for 78 gold pieces
 23101 | Snake:1  | Entered Level 1 of the Snake Pit
 23562 | Snake:1  | Received a gift from Trog
 23562 | Snake:1  | Reached skill level 20 in Axes
 23717 | Snake:1  | You fall through a shaft!
 23790 | Snake:1  | Reached XP level 17. HP: 138/138 MP: 17/17
 24026 | Snake:2  | Found Ruituf's Magic Scroll Boutique.
 24862 | Snake:2  | Received a gift from Trog
 25206 | Snake:3  | Found a burning altar of Makhleb.
 25283 | Snake:3  | Found a basalt altar of Yredelemnul.
 25482 | Snake:4  | Entered Level 4 of the Snake Pit
 25574 | Snake:3  | Found a snail-covered altar of Cheibriados.
 25866 | Snake:3  | Received a gift from Trog
 26176 | Snake:4  | Received a gift from Trog
 26279 | Snake:4  | Reached XP level 18. HP: 140/148 MP: 18/18
 26395 | Snake:4  | Reached skill level 15 in Fighting
 26941 | Snake:4  | Received a gift from Trog
 27125 | Snake:4  | Reached skill level 15 in Throwing
 27274 | Snake:4  | Got a serpentine rune of Zot
 27401 | Snake:1  | Received a gift from Trog
 27451 | Shoals:1 | Entered Level 1 of the Shoals
 27470 | Shoals:1 | Found a frozen archway.
 27479 | IceCv    | Entered an ice cave
 27510 | IceCv    | Received a gift from Trog
 28618 | Shoals:2 | Reached XP level 19. HP: 118/157 MP: 19/19
 28828 | Shoals:2 | Received a gift from Trog
 29777 | Shoals:3 | Noticed Jorgrun
 29795 | Shoals:3 | Killed Jorgrun
 29798 | Shoals:3 | Noticed Nikola
 29864 | Shoals:3 | Killed Nikola
 30098 | Shoals:3 | need better armour
 30509 | Shoals:3 | Received a gift from Trog
 30900 | Shoals:4 | Entered Level 4 of the Shoals
 31009 | Shoals:4 | Got a barnacled rune of Zot
 31457 | Shoals:4 | Noticed Ilsuiw
 31478 | Shoals:4 | Killed Ilsuiw
 31527 | Shoals:4 | Reached XP level 20. HP: 166/166 MP: 20/20
 31661 | Shoals:4 | Received a gift from Trog
 32410 | Vaults:1 | Entered Level 1 of the Vaults
 33059 | Vaults:1 | Received a gift from Trog
 33065 | Vaults:1 | Reached skill level 15 in Armour
 33195 | Vaults:1 | Reached skill level 21 in Axes
 33751 | Vaults:1 | Received a gift from Trog
 33942 | Orc:1    | Bought a dazzling plate armour for 728 gold pieces
 33942 | Orc:1    | Identified the +1 plate armour of the Endless Expanse {MR+ MP+9 Str+2} (You bought it in a shop on level 1 of the Orcish Mines)
 34137 | Vaults:2 | Found a staircase to the Crypt.
 34598 | Vaults:2 | Received a gift from Trog
 34611 | Vaults:2 | Reached XP level 21. HP: 174/174 MP: 21/21
 35458 | Vaults:2 | Received a gift from Trog
 35875 | Vaults:3 | Noticed Aizul
 36061 | Vaults:3 | Received a gift from Trog
 36072 | Vaults:3 | Killed Aizul
 36319 | Vaults:3 | Found Wualiaro's Gadget Emporium.
 36841 | Vaults:4 | Received a gift from Trog
 37118 | Vaults:4 | Reached skill level 22 in Axes
 37585 | Vaults:4 | Received a gift from Trog
 38003 | Depths:1 | Entered Level 1 of the Depths
 38006 | Depths:1 | Reached XP level 22. HP: 182/182 MP: 22/22
 38341 | Depths:1 | Found a large runed door.
 38341 | Depths:1 | Found a large runed door.
 38379 | Depths:1 | Received a gift from Trog
 39018 | Depths:1 | Paralysed by a floating eye for 2 turns
 39202 | Depths:2 | Reached skill level 23 in Axes
 39460 | Depths:2 | HP: 8/182 [juggernaut simulacrum[a necromancer] (13)]
 39460 | Depths:2 | Slain by a deep troll earth mage

Vault maps used:
D:1:      dpeg_arrival_caged_fury, kennysheep_decorative_pillar,
          minmay_strange_pillars, st_stairs_11
D:2:      lemuel_flame_loot_1, uniq_natasha, uniq_crazy_yiuf_cottage,
          uniq_terence
D:3:      elyvilon_altar_4, lemuel_blue_sif_altar, first_bread,
          kennysheep_generic_room_8, uniq_iyjb
D:4:      gammafunk_temple_overflow_forgotten, minmay_box_of_dots
D:6:      serial_shops, kennysheep_mini_moat
D:7:      old_forge, nicolae_overflow_crystal_walls, minmay_temple_entry_grid,
          grunt_livestock, minmay_checkerbox, uniq_menkaure, uniq_duvessa
D:8:      okawaru_metal_pillars_3
D:9:      nicolae_qazlal_eye_of_the_storm, enter_bailey_2, uniq_maurice
D:10:     serial_co_window_serial, co_window_paths_a, co_window_paths_b,
          co_window_corner_a, co_window_of_opportunity_a, co_window_corner_a,
          co_window_corner_a, co_window_corner_a, co_window_2corner,
          co_window_of_opportunity_b, co_window_broadway_a, co_window_2corner,
          glass_columns_c, glass_columns_a, glass_columns_a, glass_columns_b
D:11:     lair_entry_dummy
D:12:     orc_0_dummy, basic_altar, uniq_harold
D:13:     grunt_vaults_entry_tiered, basic_altar, spider_trap,
          nicolae_dithmenos_through_a_glass_darkly
D:14:     minmay_expanding_circles, minivault_14
D:15:     grunt_enter_depths_hoard, serial_shops, shop_fountains, tgw_xom
Temple:   dshaligram_water_room_temple
Lair:1:   worms_lemuel
Lair:2:   minmay_shoals_entry_beasts, minmay_snake_entry_guardpost_medium,
          lab_entry_generic, hangedman_lair_unloving_vines, lemuel_old_faithful,
          uniq_fannar, uniq_sonja
Lair:3:   minmay_lair_oklob_tunnel, kennysheep_abandoned_house,
          grunt_megastairs_1, uniq_gastronok
Lair:4:   uniq_urug, uniq_snorg
Lair:5:   minmay_slime_entry_oklob_open, grunt_forest_large_clearings
Lair:6:   evil_forest, serial_bayou_shore_a
Shoals:1: portal_ice_cave_entry_pillars_1
Shoals:2: cheibrodos_shoals_oceanic_diplomacy, argonaut_gorgonesque
Shoals:3: nicolae_shoals_this_corrosion, uniq_jorgrun, uniq_nikola
Shoals:4: shoals_end_grunt_ice, shoals_ilsuiw_alternative,
          nicolae_shoals_water_shrine
Snake:1:  nicolae_snake_springs
Snake:2:  serial_shops, shop
Snake:3:  basic_altar, spider_trap, grunt_ministairs_5,
          hangedman_feature_mirror, hangedman_venom_bottle
Snake:4:  grunt_snake_rune_serpentine_throne, serial_bayou_pond_e,
          serial_bayou_pond_a, spider_trap, serial_bayou_shore_b
Orc:1:    serial_shops, nicolae_shop_trees, shop, shop, nicolae_shop_waterfront,
          shop
Orc:2:    grunt_orc_cross
Vaults:1: grunt_vaults_swirl, nicolae_vaults_statue_guard,
          nicolae_vaults_big_angled_halls, hangedman_vaults_nodes,
          nicolae_vaults_puzzle_piece, hangedman_vaults_capsules,
          ontoclasm_vaults_hangar, vaults_mumra_chevron_long, v_pattern_1,
          vaults_room_door_hall
Vaults:2: minmay_crypt_entry_vampire_xt, ontoclasm_vaults_gateway,
          ontoclasm_vaults_eye, vaults_room_pool, dpeg_vaults_monster_row,
          ontoclasm_vaults_claustrophobia, v_rooms_6, vaults_mumra_lcd,
          hangedman_vaults_stitches, nicolae_vaults_mini_display_case,
          vaults_room_corners
Vaults:3: v_misc_28, vaults_room_pools, nicolae_vaults_stairing_the_circle,
          hangedman_vaults_maws, nicolae_vaults_little_ls, serial_shops, shop,
          uniq_aizul
Vaults:4: vaults_standard_mumra_x, vaults_room_glass_cross,
          hangedman_vaults_maws, v_misc_33, nicolae_vaults_rhombus_6,
          ontoclasm_vaults_twist, hangedman_vaults_variations,
          hangedman_vaults_nails, v_pattern_4
Depths:1: hangedman_coc_ice_floe, hangedman_eye_storm
Depths:2: minmay_box_of_statues, enter_ziggurat_a, hell_entry, serial_aquarium,
          aquarium_bridge_square, aquarium_window_double, aquarium_window_1,
          aquarium_view_2a, aquarium_view_2e, aquarium_balcony_3a,
          nicolae_trove_entry_diagonal, infiniplex_staircase_x
Bailey:   bailey_axe_3, bailey
IceCv:    ice_cave_small_demon

Skill      XL: |  1  2  3  4  5  6  7  8  9 10 11 12 13 14 15 16 17 18 19 20 21 22 |
---------------+-------------------------------------------------------------------+-----
Axes           | 4 5 6 7 9 11 13 15 16 17 18 19 20 21 22 23 | 23.0
Throwing       | 5 7 9 10 11 12 14 15 17 18 19 | 19.2
Fighting       | 7 9 11 12 13 14 15 16 17 | 17.5
Armour         | 5 8 10 11 13 14 15 16 | 16.0
Dodging        | |  2.0

Action                   |  1- 3 |  4- 6 |  7- 9 | 10-12 | 13-15 | 16-18 | 19-21 | 22-24 || total
-------------------------+-------+-------+-------+-------+-------+-------+-------+-------++-------
Melee: Hand axe          |    70 |    36 |       |       |       |       |       |       ||   106
       War axe           |       |    66 |   163 |       |       |       |       |       ||   229
       Broad axe         |       |       |    88 |   142 |       |       |       |       ||   230
       Battleaxe         |       |       |       |   353 |   781 |   717 |  1319 |   175 ||  3345
Throw: Tomahawk          |       |       |       |       |   123 |   593 |   393 |   137 ||  1246
       Javelin           |       |       |       |       |     7 |    39 |    17 |       ||    63
Invok: Berserk           |     1 |     2 |     6 |    11 |     7 |     5 |     4 |       ||    36
       Burn Spellbooks   |       |       |     2 |     2 |     2 |     3 |     2 |     1 ||    12
       Brothers in Arms  |       |       |       |     5 |     8 |     2 |       |       ||    15
       Trog's Hand       |       |       |       |     5 |     4 |     6 |     3 |     2 ||    20
 Abil: Hop               |       |       |     3 |     6 |     5 |     4 |     3 |       ||    21
Evoke: Wand              |       |       |     2 |    28 |    23 |     1 |       |     3 ||    57
  Use: Scroll            |       |     7 |     6 |    11 |    10 |     9 |     7 |     2 ||    52
       Potion            |       |       |     2 |     9 |     3 |     2 |     2 |     1 ||    19
 Stab: Sleeping          |       |     2 |       |       |       |     5 |     8 |       ||    15
       Held in net/web   |       |       |       |     1 |       |       |       |       ||     1
       Distracted        |       |       |       |       |       |     2 |       |       ||     2
  Eat: Chunk             |       |    12 |    18 |    37 |    40 |    20 |    28 |     6 ||   161
       Fruit             |       |       |     1 |     5 |     2 |    35 |     6 |       ||    49
Armor: Animal skin       |    27 |    26 |     5 |       |       |       |       |       ||    58
       Chain mail        |       |       |    87 |       |       |       |       |       ||    87
       Ring mail         |       |       |    35 |   176 |   357 |    58 |       |       ||   626
       Skin              |       |       |    11 |     3 |       |       |       |       ||    14
       Troll leather arm |       |       |       |       |       |   149 |   306 |    25 ||   480
       Plate armour      |       |       |       |       |       |       |       |    21 ||    21
Dodge: Dodged            |    69 |    64 |   106 |   268 |   435 |   593 |   968 |   119 ||  2622
